Map: Cyber Forest LE

Players

REDFURY - Winner!

  • Race: Terran Terran
  • League: Diamond
  • Spawn Location: 5:00

pHARM

  • Race: Zerg Zerg
  • League: Platinum
  • Spawn Location: 11:00

VOD

Have the link to the VOD?

Description

Time

  • Played on: Aug. 5, 2019, 5:21 p.m.
  • Length: 14:47
Show
View Real Time Build Order
Export as new Build Order

REDFURY Terran - Winner!

Build Orders: Gas First Reaper Expand, Hellion Opening, Mech 

Get SALT Encoding   

  12  0:01  SCV  
  13  0:13  SCV  
  14  0:17  Supply Depot  
  14  0:25  SCV  
  15  0:29  Refinery  
  15  0:41  Barracks  
  15  0:45  SCV  
  16  0:57  SCV  
  17  1:09  SCV  
  18  1:21  SCV  
  19  1:28  Reaper  
  20  1:33  Orbital Command  
  20  1:45  Command Center  
  20  1:58  Supply Depot  
  20  1:59  SCV  
  20  2:00  Marine  
  22  2:08  Refinery  
  22  2:15  Factory  
  22  2:24  Barracks Reactor  
  22  2:25  SCV  
  23  2:59  Orbital Command  
  23  3:03  SCV  
  24  3:10  Hellion x2  
  24  3:12  Marine  
  28  3:17  SCV  
  28  3:18  Armory  
  30  3:26  SCV  
  31  3:30  SCV  
  31  3:31  Hellion x2  
  36  3:47  SCV  
  36  3:52  Hellion  
  36  3:53  Hellion  
  41  3:57  Refinery  
  41  3:58  Barracks Tech Lab  
  40  4:03  Starport  
  40  4:08  SCV  
  41  4:11  Refinery  
  41  4:13  SCV  
  42  4:25  SCV  
  43  4:38  SCV  
  43  4:42  Supply Depot  
  43  4:44  Supply Depot  
  44  4:45  Supply Depot  
  44  5:04  Siege Tank  
  47  5:08  SCV  
  47  5:10  Marine x2  
  47  5:12  Medivac  
  52  5:15  Factory  
  52  5:16  Supply Depot  
  52  5:18  Command Center  
  52  5:19  Supply Depot  
  52  5:20  SCV  
  53  5:27  Marine x2  
  44  5:32  SCV  
  45  5:36  Liberator  
  45  5:38  Siege Tank, SCV  
  48  5:44  SCV  
  47  5:51  SCV  
  47  5:56  SCV  
  47  5:57  Marine x2  
  54  6:08  SCV  
  55  6:18  Factory Tech Lab  
  55  6:20  Siege Tank, SCV x2  
  55  6:24  Supply Depot  
  60  6:26  Terran Vehicle Weapons Level 1  
  60  6:32  SCV  
  60  6:33  SCV  
  60  6:36  Orbital Command  
  60  6:37  Factory x2  
  62  6:41  Factory  
  62  6:45  Thor, SCV  
  69  6:54  Viking  
  69  6:57  SCV  
  72  7:03  Orbital Command  
  72  7:14  SCV  
  73  7:19  SCV  
  74  7:23  Engineering Bay  
  74  7:24  Marine x2, Supply Depot  
  74  7:26  Factory Reactor  
  74  7:27  Thor  
  82  7:30  Factory Tech Lab  
  82  7:31  SCV  
  82  7:33  SCV  
  81  7:43  SCV  
  82  7:46  SCV  
  82  7:50  Factory Tech Lab  
  83  7:52  Refinery  
  83  7:53  Infernal Pre-Igniter  
  83  7:54  Mag-Field Accelerator  
  83  7:55  SCV  
  83  7:56  Refinery  
  83  7:58  SCV  
  85  8:01  Cyclone  
  85  8:05  Hellion x2  
  92  8:07  SCV  
  92  8:08  SCV  
  92  8:10  SCV  
  95  8:19  SCV  
  96  8:20  SCV  
  96  8:22  SCV  
  98  8:28  Cyclone x3  
  98  8:31  Hellion x2, SCV  
  98  8:32  SCV  
  113  8:34  SCV  
  114  8:41  Starport Reactor  
  114  8:43  Terran Vehicle And Ship Armor Level 1, SCV  
  114  8:44  SCV  
  114  8:45  Starport  
  114  8:46  SCV  
  117  8:58  Refinery  
  117  8:59  Refinery  
  117  9:12  Supply Depot  
  117  9:13  Supply Depot  
  117  9:14  Supply Depot  
  117  9:25  Command Center  
  117  9:33  Cyclone x2, SCV x2  
  117  9:35  Hellion x2, Cyclone  
  126  10:02  Cyclone  
  126  10:04  Hellion x2  
  126  10:06  Cyclone x2  
  124  10:07  Cyclone  
  127  10:25  Hellion x2  
  126  10:35  Hellion  
  124  10:41  Liberator x2  
  124  10:44  SCV  
  124  10:46  Cyclone x2  
  124  10:47  Cyclone  
  124  10:48  Hellion x2  
  138  10:50  Terran Vehicle Weapons Level 2  
  138  10:56  Cyclone, SCV  
  142  10:57  Starport Reactor  
  142  11:01  SCV  
  142  11:03  Armory  
  149  11:08  SCV  
  149  11:09  Hellion x2  
  149  11:10  Marine x2, Supply Depot  
  156  11:12  Supply Depot  
  156  11:16  Supply Depot  
  156  11:24  Liberator  
  156  11:32  Cyclone x2, SCV x2  
  164  11:34  Hellion x2, SCV x2, Marine x2  
  164  11:38  Hellion  
  174  11:44  SCV  
  174  11:46  SCV  
  180  11:48  Planetary Fortress  
  180  11:50  SCV  
  180  12:27  Widow Mine  
  180  12:28  SCV x3, Marine  
  180  12:29  Widow Mine  
  180  12:31  Hellion, Cyclone  
  180  12:32  Hellion, Cyclone  
  171  12:40  SCV  
  172  12:48  Hellion  
  172  12:51  Hellion  
  176  12:53  Hellion x2  
  180  13:06  Hellion x2  
  180  13:12  Hellion  
  180  13:19  Cyclone  
  180  13:21  Cyclone  
  162  13:27  Cyclone x2  
  143  13:50  Viking x4  
  143  13:51  Cyclone  
  143  13:53  Cyclone  
  143  13:54  Hellion x2  
  159  13:59  Cyclone x2  
  163  14:12  SCV  
  163  14:15  Hellion  
  163  14:16  Hellion  
  164  14:24  SCV  
Show
View Real Time Build Order
Export as new Build Order

pHARM Zerg 

Build Orders: Hatch First 

Get SALT Encoding   

  12  0:02  Drone  
  13  0:12  Overlord  
  13  0:25  Drone  
  14  0:30  Drone  
  14  0:31  Drone  
  16  0:39  Drone  
  17  1:01  Hatchery  
  16  1:06  Drone  
  16  1:07  Drone  
  18  1:24  Spawning Pool  
  17  1:26  Drone x2  
  19  1:48  Extractor  
  19  1:49  Drone  
  19  1:50  Drone  
  20  1:54  Overlord  
  20  2:11  Queen  
  20  2:13  Zergling x4  
  24  2:19  Queen  
  26  2:23  Drone  
  26  2:25  Drone  
  26  2:26  Drone  
  28  2:58  Drone x6  
  34  3:00  Lair  
  34  3:04  Queen  
  36  3:15  Overlord x2  
  36  3:35  Evolution Chamber  
  36  3:37  Metabolic Boost  
  35  3:47  Drone  
  35  3:48  Drone x7  
  43  4:06  Baneling Nest  
  42  4:23  Extractor  
  42  4:24  Drone x2, Extractor  
  40  4:26  Drone x3  
  40  4:27  Drone x2  
  47  4:44  Zergling x10  
  52  4:51  Zergling x2  
  51  4:58  Baneling x2  
  51  5:01  Queen  
  51  5:02  Queen  
  51  5:04  Baneling x5  
  51  5:11  Zergling x2  
  51  5:13  Baneling  
  52  5:15  Baneling  
  48  5:35  Zergling x2  
  48  5:36  Zergling x8  
  52  5:52  Extractor  
  51  6:07  Queen, Baneling Nest  
  51  6:08  Evolution Chamber  
  51  6:35  Overseer  
  51  6:37  Overlord x5  
  51  6:42  Hatchery  
  51  6:45  Zerg Melee Weapons Level 1  
  51  6:46  Zerg Ground Armor Level 1  
  50  6:53  Spore Crawler  
  49  6:55  Drone x4, Queen  
  49  7:00  Spore Crawler  
  54  7:02  Baneling x10  
  54  7:17  Roach Warren  
  54  7:19  Infestation Pit  
  52  7:56  Drone x4  
  56  8:11  Roach x6  
  56  8:12  Overlord, Roach x7  
  82  8:13  Overlord  
  82  8:27  Overlord x2  
  82  8:32  Hive  
  82  8:45  Roach x5  
  82  8:46  Roach x8  
  108  8:48  Zerg Missile Weapons Level 1  
  108  9:17  Zerg Ground Armor Level 2  
  108  9:18  Overlord x4  
  108  9:25  Overlord  
  108  9:50  Drone  
  108  9:51  Drone x13  
  115  10:19  Hatchery  
  115  10:20  Overseer x4  
  114  10:22  Hatchery  
  85  11:03  Roach x11  
  107  11:16  Spire  
  106  11:21  Drone x3  
  109  11:40  Extractor  
  109  11:41  Extractor  
  109  11:43  Roach  
  109  11:44  Roach x9  
  127  11:54  Zerg Missile Weapons Level 2  
  127  12:19  Hatchery  
  126  12:23  Glial Reconstitution  
  126  12:28  Greater Spire  
  102  12:40  Roach x12  
  102  12:41  Roach x2  
  126  12:48  Roach x3  
  124  12:59  Drone  
  123  13:12  Corruptor  
  123  13:13  Corruptor x2  
  102  13:28  Roach x4  
  102  13:29  Roach x2  
  79  13:43  Corruptor x3  
  81  13:48  Roach x4  
  81  13:53  Roach  
  77  13:57  Roach  
  73  14:04  Overlord x2  
  63  14:22  Roach  
  63  14:23  Roach x4  
Tags
 
Add a new tag
Caveats
  • Supply blocks, unpowered buildings, or Contaminate may cause inaccurate times.
  • Supply counts are checked every 10 seconds.